 Dungeon Crawl Stone Soup version 0.18.1-47-g9310371 (webtiles) character file.

350 protoss039 the Chopper (level 6, 0/56 HPs)
             Began as a Minotaur Fighter on June 16, 2016.
             Was an Initiate of Okawaru.
             Slain by an ogre
             ... wielding a +0 giant club
              (9 damage)
             ... on level 4 of the Dungeon.
             The game lasted 00:08:12 (2139 turns).

protoss039 the Chopper (Minotaur Fighter)           Turns: 2139, Time: 00:08:12

Health: 0/56       AC:  9    Str: 22    XL:     6   Next: 34%
Magic:  5/5        EV: 10    Int:  5    God:    Okawaru [......]
Gold:   244        SH: 10    Dex: 10    Spells: 0 memorised, 5 levels left

rFire  . . .     SeeInvis .     a - +0 war axe
rCold  . . .     Gourm    .     s - +0 chain mail
rNeg   . . .     Faith    .     c - +0 shield
rPois  .         Spirit   .     (helmet restricted)
rElec  .         Dismiss  .     (no cloak)
rCorr  .         Reflect  .     (no gloves)
SustAt .         Harm     .     (no boots)
MR     .....                    (no amulet)
Stlth  ..........               (no ring)
                                h - +4 ring of evasion

@: not resistant to hostile enchantments, extremely unstealthy
A: retaliatory headbutt, horns 2
a: Renounce Religion


You were on level 4 of the Dungeon.
You worshipped Okawaru.
Okawaru was noncommittal.
You were not hungry.

You visited 1 branch of the dungeon, and saw 4 of its levels.

You collected 244 gold pieces.

Inventory:

Hand Weapons
 a - a +0 war axe (weapon)
Missiles
 x - 8 poisoned needles (quivered)
Armour
 b - a +0 scale mail
 c - a +0 shield (worn)
 s - a +0 chain mail (worn)
Jewellery
 h - a +4 ring of evasion (left hand)
Wands
 q - a wand of flame (21/48)
 r - a wand of confusion (18/48)
Scrolls
 k - 4 scrolls of remove curse
 o - 2 scrolls of immolation {unknown}
 u - a scroll of amnesia {unknown}
 v - a scroll of magic mapping {unknown}
Potions
 d - a potion of might
 e - 2 potions of flight {unknown}
 l - 2 potions of heal wounds {unknown}
 n - 2 potions of brilliance {unknown}
 p - a potion of berserk rage {unknown}
 t - 3 potions of curing {unknown}
 w - a potion of resistance {unknown}
Comestibles
 f - 3 bread rations
 i - a beef jerky
 j - 4 fruits
 m - 2 meat rations


   Skills:
 + Level 5.1 Fighting
 * Level 5.2 Axes
 + Level 5.1 Armour
 + Level 5.0 Shields


You had 5 spell levels left.
You didn't know any spells.

Dungeon Overview and Level Annotations

Branches:
Dungeon (4/15)
 Temple: D:4-7

Altars:
Nemelex Xobeh
Okawaru
Trog


Innate Abilities, Weirdness & Mutations

You reflexively headbutt those who attack you in melee.
You have a pair of horns on your head.


Message History

The ogre hits you with a giant club!!
Unknown command.
You hit the ogre. You headbutt the ogre!
The ogre is almost dead.
The ogre hits you with a giant club!!
* * * LOW HITPOINT WARNING * * *
Unknown command.
You are too injured to fight recklessly!
Unknown command.
You are too injured to fight recklessly!
Unknown command.
Unknown command.
Unknown command.
Unknown command.
You are too injured to fight recklessly!
Unknown command.
You barely miss the ogre.
The ogre is almost dead.
The ogre hits you with a giant club!
You die...

###............
#...........###
#.#.#######.#
#.#.####......
#........# .###
#.###.#### #.
#.#####.## #
#.........
#@#####.## #O#
.l. ...## ###.#
#.# #.# #(.


You could see an ogre and a giant gecko.

Vanquished Creatures
  2 orc priests (D:3)
  An orc wizard (D:3)
  Ijyb (D:2)
  A worker ant (D:3)
  Robin (D:2)
  A gnoll (D:3)
  5 adders
  4 worms
  5 dart slugs
  3 giant geckos
  11 orcs (D:3)
  4 giant cockroaches
  21 goblins
  14 hobgoblins
  8 jackals
  A quokka (D:3)
  3 ball pythons (D:3)
  7 bats
  8 giant newts
  13 kobolds
  6 rats
120 creatures vanquished.

Notes
Turn   | Place    | Note
--------------------------------------------------------------
     0 | D:1      | protoss039 the Minotaur Fighter began the quest for the Orb.
     0 | D:1      | Reached XP level 1. HP: 19/19 MP: 0/0
   223 | D:1      | Reached XP level 2. HP: 19/27 MP: 1/1
   546 | D:2      | Reached XP level 3. HP: 30/33 MP: 2/2
   697 | D:2      | Found a sparkling altar of Nemelex Xobeh.
   811 | D:2      | Noticed Robin
   812 | D:2      | Reached XP level 4. HP: 35/40 MP: 3/3
   818 | D:2      | Killed Robin
   874 | D:2      | Noticed Ijyb
   914 | D:2      | Killed Ijyb
  1041 | D:2      | Reached XP level 5. HP: 41/47 MP: 4/4
  1392 | D:3      | Reached skill level 5 in Armour
  1592 | D:3      | Reached skill level 5 in Shields
  1592 | D:3      | Reached XP level 6. HP: 52/55 MP: 5/5
  1718 | D:3      | Reached skill level 5 in Fighting
  1718 | D:3      | Reached skill level 5 in Axes
  1790 | D:3      | Found a bloodstained altar of Trog.
  1813 | D:3      | Found an iron altar of Okawaru.
  1838 | D:3      | Became a worshipper of Warmaster Okawaru
  2139 | D:4      | Slain by an ogre

Skill      XL: |  1  2  3  4  5  6 |
---------------+-------------------+-----
Armour         | 4 5 |  5.1
Shields        | 4 5 |  5.0
Fighting       | 4 5 |  5.1
Axes           | 3 4 5 |  5.2

Action                   |  1- 3 |  4- 6 || total
-------------------------+-------+-------++-------
Melee: War axe           |    82 |   175 ||   257
       Headbutt          |    10 |    28 ||    38
  Use: Scroll            |     3 |     2 ||     5
  Eat: Chunk             |       |     5 ||     5
Armor: Scale mail        |    35 |    28 ||    63
       Chain mail        |       |    66 ||    66
Dodge: Dodged            |    38 |    97 ||   135
Block: Shield            |    45 |   109 ||   154
